AoeStats
← Squirtle

MegaRandom

510019711Analyzed
2v2 RM · 1d ago on Sep 29, 2026· 52m 7s· 4 players
Game mode
Random Map
Map size
Medium (4 player)
Population
200
Speed
Normal
Resources
Standard
Victory
Conquest
Starting age
Dark Age
Ending age
Imperial Age
RankedLock teamsTeams togetherTeam positionsShared explorationLock speedFull tech treeHidden civsTurbo modeCheats
Victory
Defeat
🇲🇽 Varangians · Mexico
1247
+12
🇺🇸 Mongols · United States
1191
+14
🇲🇽 Italians · Mexico
1162
-13
🇨🇱 Mongols · Chile
1157
-13
ruanameyer
9:28 Loom
11:13 Feudal Age
12:50 Double-Bit Axe
15:34 Castle Age
13:47 Horse Collar
17:51 Gold Mining
17:51 Stone Mining
18:21 Bow Saw
21:49 Fletching
22:53 Heavy Plow
24:54 Wheelbarrow
24:38 Bodkin Arrow
25:01 Padded Archer Armor
27:55 Bloodlines
27:45 Husbandry
28:23 Stone Mining
30:30 Thumb Ring
30:51 Hand Cart
34:54 Imperial Age
34:31 Leather Archer Armor
35:18 Elite Mangudai
36:40 Conscription
36:33 Bracer
36:55 Ballistics
37:25 Parthian Tactics
40:30 Chemistry
39:41 Masonry
44:45 Drill
45:49 Capped Ram
47:02 Siege Ram
Manzanito
2:46 Loom
10:10 Feudal Age
10:44 Double-Bit Axe
21:37 Castle Age
19:45 Fletching
20:35 Horse Collar
21:12 Bloodlines
22:18 Wheelbarrow
22:29 Scale Barding Armor
21:54 Crossbowman
24:31 Forging
27:24 Chain Barding Armor
26:28 Light Cavalry
28:19 Elite Skirmisher
30:52 Scale Mail Armor
31:52 Squires
32:31 Iron Casting
34:06 Chain Mail Armor
34:51 Gambesons
36:01 Arson
36:32 Padded Archer Armor
40:08 Hand Cart
40:39 Iron Casting
45:57 Town Watch
49:20 Imperial Age
47:19 Gold Mining
49:24 Elite Varangian Guard
50:43 Plate Mail Armor
50:11 Treadmill Crane
€njøy™
6:22 Loom
10:13 Feudal Age
10:37 Horse Collar
11:20 Double-Bit Axe
17:52 Castle Age
17:47 Stone Mining
18:56 Wheelbarrow
19:03 Fletching
19:47 Forging
21:15 Padded Archer Armor
22:09 Gold Mining
27:18 Scale Barding Armor
31:42 Imperial Age
30:20 Ballistics
30:18 Bodkin Arrow
31:49 Iron Casting
31:34 Chain Barding Armor
32:52 Light Cavalry
33:43 Bloodlines
33:36 Husbandry
34:14 Hussar
35:34 Plate Barding Armor
35:51 Bracer
44:13 Hand Cart
43:48 Town Watch
47:20 Fishing Lines
Squirtle
5:06 Loom
9:34 Feudal Age
20:08 Castle Age
18:38 Double-Bit Axe
18:35 Horse Collar
18:44 Town Watch
20:03 Stone Mining
20:05 Gold Mining
20:34 Scale Barding Armor
21:16 Wheelbarrow
21:24 Heavy Plow
27:22 Chain Barding Armor
28:15 Bloodlines
30:34 Forging
32:34 Husbandry
34:13 Herbal Medicine
35:06 Iron Casting
38:42 Imperial Age
37:26 Fletching
37:37 Padded Archer Armor
37:47 Elite Skirmisher
38:47 Bodkin Arrow
38:44 Heavy Camel Rider
40:30 Blast Furnace
41:27 Bracer
42:58 Chemistry
44:30 Leather Archer Armor
44:57 Bow Saw
46:01 Ballistics
49:25 Thumb Ring
Connection lost

Rejoining the realm…

Still unreachable

The connection could not be restored.

Session expired

The server has moved on; the page needs a fresh start.